 Dungeon Crawl Stone Soup version 0.30-a0-385-gfebfb9b408 (webtiles) character file.

Game seed: 6669498995332493058

7609 p00ps00p the Cleaver (level 11, -18/101 HPs)
             Began as a Hill Orc Fighter on Dec 3, 2022.
             Was an Initiate of Gozag.
             Demolished by a reaper
             ... wielding a +1 scythe of freezing
              (40 damage)
             ... in an ice cave.
             The game lasted 00:23:16 (12497 turns).

p00ps00p the Cleaver (Hill Orc Fighter)            Turns: 12497, Time: 00:23:17

Health: -18/101    AC: 20    Str: 28    XL:     11   Next: 17%
Magic:  11/11      EV: 22    Int:  8    God:    Gozag
Gold:   763        SH:  6    Dex: 10    Spells: 10/10 levels left

rFire   . . .      SeeInvis .    y - +0 broad axe (venom)
rCold   + . .      Faith    .    c - +0 buckler
rNeg    . . .      Spirit   .    p - +3 plate armour
rPois   .          Reflect  .    (no helmet)
rElec   .          Harm     .    j - +0 cloak
rCorr   .          Rampage  .    (no gloves)
Will    .....                    J - +0 pair of boots
Stlth   ..........               n - amulet "Liemnof" {Acrobat Contam +Inv rC+ Str+4 Stlth+}
HPRegen 0.36/turn                (no ring)
MPRegen 0.12/turn                (no ring)

@: about to teleport, acrobatic
A: no striking features
a: Renounce Religion, Evoke Invisibility, Potion Petition, Call Merchant, Bribe
Branch


You were in an ice cave.
You worshipped Gozag.
Gozag was pleased with you.
You visited 2 branches of the dungeon, and saw 12 of its levels.
You also visited: Ossuary and Ice Cave.

You collected 955 gold pieces.
You paid 192 gold pieces to Gozag.

Inventory:

Hand Weapons
 a - a +1 war axe of freezing
 y - a +0 broad axe of venom (weapon)
Missiles
 u - 2 throwing nets (quivered)
 B - 8 poisoned darts
Armour
 b - a +1 scale mail
 c - a +0 buckler (worn)
 j - a +0 cloak (worn)
 p - a +3 plate armour (worn)
 J - a +0 pair of boots (worn)
Jewellery
 f - a ring of magical power
 i - an amulet of the acrobat
 n - the amulet "Liemnof" (around neck) {Acrobat Contam +Inv rC+ Str+4 Stlth+}
   (You acquired it on level 4 of the Dungeon)

   [amulet of the acrobat]

   It increases your evasion while moving and waiting.
   Str:       It affects your strength (+4).
   rC:        It protects you from cold.
   +Inv:      It lets you turn invisible.
   Contam:    It causes magical contamination when unequipped.
   Stlth:     It makes you more stealthy.
 s - an amulet of guardian spirit
 F - an amulet of reflection
Wands
 g - a wand of charming (4)
 z - a wand of acid (1)
 A - a wand of flame (15)
 E - a wand of polymorph (17)
 H - a wand of iceblast (10)
Scrolls
 k - a scroll of teleportation
 m - a scroll of noise
 q - 2 scrolls of immolation
 t - 2 scrolls of silence
 x - a scroll of magic mapping
 G - a scroll of identify
Potions
 d - 3 potions of might
 e - 7 potions of flight
 l - a potion of mutation
 o - 4 potions of degeneration
 r - 7 potions of curing
 v - 2 potions of lignification
 D - a potion of berserk rage


   Skills:
 + Level 10.8 Fighting
 + Level 11.3 Axes
 + Level 9.9 Armour
 + Level 10.0 Shields


You had 10 spell levels left.
You didn't know any spells.
Your spell library contained the following spells:

 Spells                   Type           Power      Damage    Failure   Level
 Beastly Appendage        Tmut           0%         N/A       99%         1
 Magic Dart               Conj           0%         1d3       99%         1
 Call Imp                 Summ           0%         N/A       100%        2
 Ensorcelled Hibernation  Hex/Ice        0%         N/A       100%        2
 Passwall                 Tmut/Erth      0%         N/A       100%        2
 Wereblood                Tmut           0%         N/A       100%        2
 Gell's Gravitas          Tloc           0%         N/A       100%        3
 Lesser Beckoning         Tloc           0%         N/A       100%        3
 Mephitic Cloud           Conj/Pois/Air  0%         N/A       100%        3
 Portal Projectile        Hex/Tloc       0%         N/A       100%        3
 Spider Form              Tmut/Pois      0%         N/A       100%        3
 Swiftness                Air            0%         N/A       100%        3
 Teleport Other           Tloc           0%         N/A       100%        3
 Tukima's Dance           Hex            0%         N/A       100%        3
 Anguish                  Hex/Necr       0%         N/A       100%        4
 Passage of Golubria      Tloc           0%         N/A       100%        4
 Blade Hands              Tmut           0%         N/A       100%        5
 Yara's Violent Unravell  Hex/Tmut       0%         3d3       100%        5


Dungeon Overview and Level Annotations

Branches:
Dungeon (11/15)            Temple (1/1) D:6            Lair (0/5) D:9
Ossuary (visited)           IceCv (1/1)
    Orc: D:9-12

Altars:
Ashenzari
Cheibriados
Dithmenos
Elyvilon
Fedhas
Gozag
Hepliaklqana
Makhleb
Nemelex Xobeh
Okawaru
Qazlal
Ru
Sif Muna
Trog
Uskayaw
Vehumet
Wu Jian
Xom
Yredelemnul
Zin
The Shining One

Shops:
D:1 =   D:2 (

Annotations:
D:10 3 runed translucent doors, DeathPants's ghost, journeyman VSEn; IdlyInterested's ghost, journeyman DsWn; baller8008's ghost, novice MiFi; p00ps00p's ghost, novice HOFi


Message History

The reaper is lightly wounded.
Aiming: Corrosive Bolt
Press: ? - help, Q - select action, (/) - cycle Shift-Dir - straight line, f/p - reaper
Aim: a reaper, wielding a +1 scythe of freezing, wearing a +2 robe of cold resistance and wearing a ring of protection from cold (lightly wounded, covered in acid, 71% to hit)
The bolt of acid hits the reaper.
The reaper seems to be corroded for longer.
The reaper is lightly wounded.
Aiming: Corrosive Bolt
Press: ? - help, Q - select action, (/) - cycle Shift-Dir - straight line, f/p - reaper
Aim: a reaper, wielding a +1 scythe of freezing, wearing a +2 robe of cold resistance and wearing a ring of protection from cold (lightly wounded, covered in acid, 71% to hit)
The bolt of acid misses the reaper.
The reaper completely misses you.
Aiming: Corrosive Bolt
Press: ? - help, Q - select action, (/) - cycle Shift-Dir - straight line, f/p - reaper
Aim: a reaper, wielding a +1 scythe of freezing, wearing a +2 robe of cold resistance and wearing a ring of protection from cold (lightly wounded, covered in acid, 71% to hit)
The bolt of acid hits the reaper.
The reaper seems to be corroded for longer.
The reaper is lightly wounded.
A two-headed ogre simulacrum comes into view.
The reaper hits you from afar with a +1 scythe of freezing!!
The reaper freezes you. The reaper hits you but does no damage.
You closely miss the reaper.
The reaper is lightly wounded.
The reaper hits you with a +1 scythe of freezing!!!
The reaper freezes you.
* * * LOW HITPOINT WARNING * * *
You barely miss the reaper.
The reaper is lightly wounded.
The reaper hits you with a +1 scythe of freezing!
* * * LOW HITPOINT WARNING * * *
You slash the reaper!
The reaper is moderately wounded.
You block the reaper's attack.
Unknown command.
As you read the scroll of teleportation, it crumbles to dust.
You feel strangely unstable. The reaper closely misses you.
The reaper hits you from afar with a +1 scythe of freezing!!!
You die...
Your body crumbles into a pile of gold.

# .. §§###.. #. #. §§§#..
##..#.## §§☼☼.# ..##
#...#..###§☼§.# ... #
........#...# ... #.
.......#...# ..
#$.#..####...#...# ##.#
#=....2Z@........# #..##
#!.#..........#..###...##
#.#..#§#..##..#.#..... #
#..#.##.#...○.○..#..
#..##.☼#§...#..#..#
##.#.○☼##§.##.##..#
###.☼○☼§§☼####..##
#.○°○○§## ##...# ##.§°○.#
#...##


You could see a reaper (corroded) and a two-headed ogre simulacrum.

Vanquished Creatures
  2 ice statues (IceCv)
  3 ice devils (IceCv)
  A komodo dragon (D:10)
  A troll (D:9)
  2 hornets
  A dire elephant simulacrum (IceCv)
  A shadow (D:9)
  6 yaks (D:10)
  A steam dragon (D:8)
  2 death yak simulacra (IceCv)
  Edmund (D:6)
  2 water moccasins
  5 orc warriors
  A black bear (D:6)
  An ice beast (D:7)
  2 ogres (D:5)
  2 centaurs
  2 kobold brigands
  2 phantoms
  3 bullfrogs
  A gnoll sergeant (D:7)
  A scorpion (D:4)
  2 two-headed ogre simulacra (IceCv)
  An elephant simulacrum (IceCv)
  4 killer bees (D:8)
  3 howler monkeys
  3 hounds
  5 orc priests
  3 gnoll boudas
  An iguana (D:5)
  Terence (D:3)
  11 orc wizards
  2 polar bear simulacra (IceCv)
  A spriggan simulacrum (IceCv)
  2 troll simulacra (IceCv)
  A wolf simulacrum (IceCv)
  13 mummies (Ossuary)
  25 gnolls
  6 adders
  3 naga simulacra (IceCv)
  2 shadow imps
  7 white imps
  2 ufetubi (D:6)
  3 worms
  24 orcs
  9 ball pythons
  5 endoplasms
  9 goblins
  8 hobgoblins
  11 kobolds
  2 quokkas
  8 bats
  3 frilled lizards
  2 gnoll skeletons (Ossuary)
  A goblin skeleton (Ossuary)
  4 kobold skeletons (Ossuary)
  An orc skeleton (Ossuary)
  4 rats
  11 rat skeletons (Ossuary)
246 creatures vanquished.

Vanquished Creatures (others)
  A phantom (D:5)
  9 plants (D:3)
  2 withered plants (D:10)
12 creatures vanquished.

Grand Total: 258 creatures vanquished

Notes
Turn   | Place    | Note
-------+----------+-------------------------------------------
     0 | D:1      | p00ps00p the Hill Orc Fighter began the quest for the Orb.
     0 | D:1      | Reached XP level 1. HP: 19/19 MP: 1/1
    64 | D:1      | Found Kotypum's Jewellery Shoppe.
   105 | D:1      | Reached XP level 2. HP: 27/27 MP: 2/2
   211 | D:1      | Reached skill level 3 in Axes
   834 | D:2      | Reached XP level 3. HP: 33/33 MP: 3/3
   873 | D:2      | Found a faded altar of an unknown god.
  1025 | D:2      | Found Dagix's Weapon Shop.
  1200 | D:2      | You fall into a shaft and drop 2 floors!
  1321 | D:4      | Found a sand-covered staircase.
  1332 | Ossuary  | Entered an ossuary
  1607 | Ossuary  | Reached XP level 4. HP: 10/40 MP: 4/4
  1851 | Ossuary  | Reached skill level 4 in Axes
  1853 | Ossuary  | Reached XP level 5. HP: 36/47 MP: 5/5
  2363 | D:4      | Found a blossoming altar of Fedhas.
  2382 | D:3      | Noticed Terence
  2392 | D:3      | Killed Terence
  2393 | D:3      | Reached skill level 5 in Fighting
  2393 | D:3      | Reached XP level 6. HP: 15/56 MP: 6/6
  2829 | D:3      | Found a bloodstained altar of Trog.
  2935 | D:3      | Found a shadowy altar of Dithmenos.
  3403 | D:3      | Found a snail-covered altar of Cheibriados.
  3435 | D:3      | Found the +7 staff of the Meek {protect, meekguard}
  3677 | D:4      | Identified a scroll of acquirement
  3678 | D:4      | Acquired the amulet "Liemnof" {Acrobat Contam +Inv rC+
                  | Str+4 Stlth+}
  3739 | D:4      | Reached skill level 5 in Axes
  3781 | D:4      | Reached skill level 5 in Armour
  3781 | D:4      | Reached skill level 5 in Shields
  3836 | D:4      | Reached XP level 7. HP: 61/61 MP: 7/7
  4082 | D:5      | Entered Level 5 of the Dungeon
  4656 | D:5      | Found a broken altar of Ashenzari.
  4665 | D:5      | Reached skill level 6 in Axes
  4850 | D:5      | Reached XP level 8. HP: 68/71 MP: 8/8
  4856 | D:5      | Identified the +2 robe of Aleav {rElec rC+ Regen+ Str+2}
  5307 | D:5      | Found an ornate altar of the Wu Jian Council.
  5390 | D:5      | Found a radiant altar of Vehumet.
  5393 | D:5      | Found a basalt altar of Yredelemnul.
  5393 | D:5      | Found a glowing silver altar of Zin.
  5395 | D:5      | Found a shimmering altar of Xom.
  5395 | D:5      | Found a snail-covered altar of Cheibriados.
  5395 | D:5      | Found an iron altar of Okawaru.
  5585 | D:6      | HP: 3/71 [black bear (3)]
  6183 | D:6      | Reached skill level 7 in Axes
  6807 | D:6      | Reached XP level 9. HP: 76/79 MP: 9/9
  6937 | D:6      | Found a staircase to the Ecumenical Temple.
  6937 | D:6      | Noticed Edmund
  6943 | D:6      | Killed Edmund
  6947 | Temple   | Entered the Ecumenical Temple
  7190 | D:7      | Reached skill level 8 in Axes
  7472 | D:7      | Noticed a hornet
  7482 | D:7      | Killed a hornet
  7756 | D:7      | Found a shimmering blue altar of Sif Muna.
  7775 | D:7      | Found a white marble altar of Elyvilon.
  7775 | D:7      | Found a hide-covered altar of Uskayaw.
  8263 | D:8      | Reached skill level 9 in Axes
  8491 | D:8      | Noticed a hornet
  8497 | D:8      | Killed a hornet
  8600 | D:8      | Reached XP level 10. HP: 75/91 MP: 10/10
  8754 | D:8      | Identified the +11 whip of Yeast {spect, rN+}
  9850 | D:9      | Found a staircase to the Lair.
  9924 | D:10     | Entered Level 10 of the Dungeon
  9933 | D:10     | Reached skill level 10 in Axes
 10051 | D:10     | Found a runed translucent gate.
 10051 | D:10     | Found a runed translucent gate.
 10051 | D:10     | Found a runed translucent gate.
 10053 | D:10     | Noticed p00ps00p's ghost (novice HOFi)
 10053 | D:10     | Noticed DeathPants's ghost (journeyman VSEn)
 10054 | D:10     | Noticed baller8008's ghost (novice MiFi)
 10055 | D:10     | Identified the +3 ring mail "Cagis" {Int+5}
 10055 | D:10     | Noticed IdlyInterested's ghost (journeyman DsWn)
 10187 | D:10     | Found an opulent altar of Gozag.
 10193 | D:10     | Became a worshipper of Gozag Ym Sagoz the Greedy
 10607 | D:10     | Reached skill level 10 in Fighting
 10867 | D:11     | Found a frozen archway.
 10892 | IceCv    | Entered an ice cave
 11472 | IceCv    | Noticed an ice statue
 11472 | IceCv    | Noticed an ice statue
 11482 | IceCv    | Killed an ice statue
 11507 | IceCv    | Killed an ice statue
 11508 | IceCv    | Reached skill level 11 in Axes
 11508 | IceCv    | Reached XP level 11. HP: 47/101 MP: 11/11
 12475 | IceCv    | Reached skill level 10 in Shields
 12486 | IceCv    | Noticed a reaper
 12497 | IceCv    | Demolished by a reaper

Illustrated notes

Levels and vault maps discovered:
D:1:      giann_horns, layout_basic, serial_shops, nicolae_diamond_shop,
          item_on_display_a
D:2:      layout_basic, shapermc_ecumenical_altar_venn, serial_shops,
          nicolae_shop_trees, minmay_tetromino_o2
D:3:      layout_loops_ring, mainiacjoe_overflow_small_starburst,
          chei_slow_surprise, mainiacjoe_overflow_cross_hatched, uniq_terence
D:4:      layout_cave_pools, mainiacjoe_overflow_tiny_flanked,
          lightli_ossuary_entry_decrepit_ruins
D:5:      layout_loops_ring, kennysheep_mini, doesnt_xom_only_xom,
          nicolae_ashenzari_panopticon
D:6:      layout_basic, minmay_temple_entry_fiery, serial_park_tiny_pond,
          uniq_edmund
D:7:      layout_basic, nicolae_sif_muna_little_library,
          gammafunk_temple_overflow_elements
D:8:      layout_cave_pools, nicolae_overflow_hidden_temple
D:9:      layout_cross, lair_entry_dummy
D:10:     layout_roguey, nicolae_gozag_cash_rules_everything_around_me,
          gammafunk_ghost_cemetery, dreamdust_mushroom_princess,
          due_unseen_surprise
D:11:     layout_grid_maze, portal_ice_cave_entry_pillars_2
Temple:   hellmonk_temple_flake
IceCv:    ice_cave_small_demon

Skill      XL: |  1  2  3  4  5  6  7  8  9 10 11 |
---------------+----------------------------------+-----
Axes           | 3 4 5 6 7 9 11 | 11.3
Fighting       | 4 5 6 7 9 10 | 10.8
Armour         | 4 5 6 8 9 |  9.9
Shields        | 4 5 7 8 9 10 | 10.0

Action                   |  1- 3 |  4- 6 |  7- 9 | 10-12 || total
-------------------------+-------+-------+-------+-------++-------
Melee: War axe           |   106 |   196 |   132 |       ||   434
       Broad axe         |       |       |    94 |   188 ||   282
Evoke: Wand              |       |       |       |     5 ||     5
  Use: Scroll            |    10 |     9 |     9 |     8 ||    36
       Potion            |       |       |     2 |     7 ||     9
 Stab: Distracted        |       |       |       |     4 ||     4
Armor: Scale mail        |    56 |    52 |    68 |       ||   176
       Plate armour      |       |       |   103 |   135 ||   238
Dodge: Dodged            |    54 |    78 |   142 |    81 ||   355
Block: Buckler           |    20 |    28 |    92 |    63 ||   203

Table legend: (Time is in decaauts)
 A = Elapsed time spent in this place.
 B = Non-inter-level travel time spent in this place.
 C = Inter-level travel time spent in this place.
 D = Time resting spent in this place.
 E = Time spent auto-exploring this place.
 F = Levels seen in this place.
 G = Mean time per level.
                   A        B        C        D        E       F      G
               +--------+--------+--------+--------+--------+-----+--------+
         Total |  12664 |  12127 |    537 |   3500 |   5742 |  14 |  904.6 |
       Dungeon |   9863 |   9336 |    527 |   1782 |   5304 |  11 |  896.6 |
        Temple |    152 |    142 |     10 |      0 |    132 |   1 |  152.0 |
       Ossuary |   1052 |   1052 |      0 |    412 |    295 |   1 | 1052.0 |
      Ice Cave |   1595 |   1595 |      0 |   1306 |     11 |   1 | 1595.0 |
               +--------+--------+--------+--------+--------+-----+--------+

Top non-repeatable levels by time:
     D:5: 2018 daAuts
   IceCv: 1595 daAuts
     D:7: 1155 daAuts
     D:3: 1148 daAuts
 Ossuary: 1052 daAuts
     D:6: 1006 daAuts
    D:10: 864 daAuts
     D:1: 815 daAuts
     D:8: 798 daAuts
     D:2: 685 daAuts
     D:9: 669 daAuts
     D:4: 593 daAuts
  Temple: 152 daAuts
    D:11: 109 daAuts
